 Dungeon Crawl Stone Soup version 0.19.0-11-g3fc08b3 (webtiles) character file.

1656 Jerry the Carver (level 8, -6/64 HPs)
             Began as a Minotaur Monk on Nov 9, 2016.
             Was a Believer of Dithmenos.
             Mangled by a water moccasin (8 damage)
             ... on level 6 of the Dungeon.
             The game lasted 00:21:35 (4749 turns).

Jerry the Carver (Minotaur Monk)                    Turns: 4749, Time: 00:21:39

Health: -6/64      AC:  3    Str: 17    XL:     8   Next: 68%
Magic:  7/7        EV: 20    Int:  7    God:    Dithmenos [**....]
Gold:   176        SH:  0    Dex: 14    Spells: 0 memorised, 7 levels left

rFire  . . .     SeeInvis .     a - +0 falchion
rCold  . . .     Gourm    .     b - +0 robe
rNeg   . . .     Faith    .     (no shield)
rPois  +         Spirit   .     (helmet restricted)
rElec  .         Reflect  .     (no cloak)
rCorr  .         Harm     .     (no gloves)
MR     .....                    (no boots)
Stlth  +++.......               (no amulet)
                                u - +3 ring of evasion
                                d - +1 ring of protection

@: wreathed by umbra
A: retaliatory headbutt, horns 2, poison resistance, screaming 1, subdued magic
1
a: Shadow Step, Renounce Religion


You were on level 6 of the Dungeon.
You worshipped Dithmenos.
Dithmenos was pleased with you.
You were hungry.

You visited 1 branch of the dungeon, and saw 6 of its levels.

You collected 278 gold pieces.
You spent 102 gold pieces at shops.

Inventory:

Hand Weapons
 a - a +0 falchion (weapon)
Missiles
 r - 2 throwing nets (quivered)
Armour
 b - a +0 robe (worn)
Jewellery
 d - a +1 ring of protection (left hand)
 u - a +3 ring of evasion (right hand)
 x - an uncursed ring of resist corrosion
 D - an uncursed ring of stealth {unknown}
Scrolls
 e - 7 scrolls of remove curse
 j - 3 scrolls of identify
 k - a scroll of fog {unknown}
 l - a scroll of noise {unknown}
 q - a scroll of enchant armour {unknown}
 s - 2 scrolls of fear {unknown}
 v - a scroll of magic mapping
 w - 2 scrolls of teleportation
 y - 3 scrolls of enchant weapon {unknown}
 A - a scroll of recharging {unknown}
Potions
 h - a potion of lignification
 t - a potion of invisibility {unknown}
 C - a potion of heal wounds {unknown}
Books
 o - a book of Minor Magic

   Spells                             Type                      Level
   a - Magic Dart                     Conjuration                  1
   b - Blink                          Translocation                2
   c - Call Imp                       Summoning                    2
   d - Repel Missiles                 Charms/Air                   2
   e - Slow                           Hexes                        2
   f - Conjure Flame                  Conjuration/Fire             3
   g - Mephitic Cloud                 Conjuration/Poison/Air       3
 z - a book of Changes

   Spells                             Type                      Level
   a - Beastly Appendage              Transmutation                1
   b - Sticks to Snakes               Transmutation                2
   c - Spider Form                    Transmutation/Poison         3
   d - Ice Form                       Ice/Transmutation            4
   e - Blade Hands                    Transmutation                5
Comestibles
 c - 8 bread rations
 f - 4 meat rations
 m - a beef jerky
 n - 2 royal jellies


   Skills:
 - Level 3.6 Fighting
 + Level 8.7 Long Blades
 - Level 5.0 Armour
 + Level 8.4 Dodging
 - Level 3.0 Stealth


You had 7 spell levels left.
You didn't know any spells.

Dungeon Overview and Level Annotations

Branches:
Dungeon (6/15)             Temple (0/1) D:5

Altars:
Dithmenos
Xom

Shops:
D:4 ?

Annotations:
D:5 Prince Ribbit
D:6 2 runed doors


Innate Abilities, Weirdness & Mutations

You reflexively headbutt those who attack you in melee.
You have a pair of horns on your head.
Your system is resistant to poisons. (rPois)
You occasionally shout uncontrollably at your foes.
Your spells are a little easier to cast, but a little less powerful.


Message History

The soldier ant is almost dead.
The soldier ant stings you but does no damage.
You closely miss the soldier ant.
The soldier ant is almost dead.
The soldier ant barely misses you. You furiously retaliate!
You headbutt the soldier ant.
You hit the soldier ant but do no damage.
The soldier ant is almost dead.
The soldier ant stings you.
* * * LOW HITPOINT WARNING * * *
You closely miss the soldier ant. You headbutt the soldier ant.
You kill the soldier ant!
Dithmenos accepts your kill.
You hit the water moccasin.
The water moccasin is lightly wounded.
The water moccasin bites you!
* * * LOW HITPOINT WARNING * * *
The worker ant waves its antennae.
The water moccasin bites you!
You die...

#.# #....# ####.#
#....# #....#
#####....#
#.##.###........##
#.#†..†....+....+.
#...######......##
#..##a...##.....#
#..#a.$..+##....#
#@##.....# ##.[.##
#S#aaa..## ###...
#a###a###yy...####
#...aa$?#ySy...+)#
#.###a###yy...####
#.#S..S.##..###...
#.##S....#.##.o.##
#.. a...+# .[.o
##.# ....# ..


You could see a water moccasin and 5 worker ants.

Vanquished Creatures
  Sigmund (D:4)
  Menkaure (D:6)
  3 soldier ants (D:6)
  A sky beast (D:6)
  An ogre (D:5)
  A phantom (D:5)
  A centaur (D:5)
  A necrophage (D:6)
  2 bullfrog zombies (D:5)
  4 hounds
  An orc priest (D:5)
  3 orc wizards
  Jessica (D:3)
  2 iguanas
  2 worker ants (D:6)
  A gnoll (D:5)
  12 adders
  2 oozes
  An adder skeleton (D:5)
  2 worms
  13 dart slugs
  5 leopard geckos
  14 orcs
  4 bats
  8 giant cockroaches
  5 goblins
  4 hobgoblins
  4 jackals (D:3)
  A quokka (D:3)
  A ball python (D:3)
  5 frilled lizards
  8 kobolds
  7 rats
122 creatures vanquished.

Notes
Turn   | Place    | Note
-------+----------+-------------------------------------------
     0 | D:1      | Jerry the Minotaur Monk began the quest for the Orb.
     0 | D:1      | Reached XP level 1. HP: 19/19 MP: 0/0
   128 | D:1      | Reached XP level 2. HP: 22/26 MP: 1/1
   598 | D:2      | Reached XP level 3. HP: 3/31 MP: 2/2
   599 | D:2      | HP: 1/31 [poisoned by an adder]
   848 | D:2      | Found a faded altar of an unknown god.
  1273 | D:2      | Reached XP level 4. HP: 25/39 MP: 3/3
  1962 | D:3      | Reached skill level 5 in Dodging
  1962 | D:3      | Reached XP level 5. HP: 24/45 MP: 4/4
  2125 | D:3      | Reached skill level 5 in Long Blades
  2233 | D:3      | Noticed Jessica
  2273 | D:3      | Killed Jessica
  2532 | D:4      | Reached XP level 6. HP: 48/51 MP: 5/5
  2601 | D:4      | Found a shadowy altar of Dithmenos.
  2606 | D:4      | Became a worshipper of Dithmenos the Shadowed
  2606 | D:4      | Reached * piety under Dithmenos
  2606 | D:4      | Reached ** piety under Dithmenos
  2658 | D:4      | Found Xedghisk's Magic Scroll Shop.
  2675 | D:4      | Bought a scroll of magic mapping for 42 gold pieces
  2675 | D:4      | Bought a scroll of teleportation for 36 gold pieces
  2675 | D:4      | Bought a scroll of identify for 24 gold pieces
  2735 | D:4      | Noticed Sigmund
  2749 | D:4      | Killed Sigmund
  3318 | D:5      | Entered Level 5 of the Dungeon
  3349 | D:5      | Reached skill level 1 in Armour
  3384 | D:5      | Reached XP level 7. HP: 52/57 MP: 6/6
  3884 | D:5      | Found a shimmering altar of Xom.
  3988 | D:5      | Noticed Prince Ribbit
  4273 | D:5      | Found a staircase to the Ecumenical Temple.
  4406 | D:6      | Reached XP level 8. HP: 64/64 MP: 7/7
  4407 | D:6      | Noticed Menkaure
  4418 | D:6      | Killed Menkaure
  4428 | D:6      | Gained mutation: You occasionally shout uncontrollably at your foes. [potion of mutation]
  4428 | D:6      | Gained mutation: Your spells are a little easier to cast, but a little less powerful. [potion of mutation]
  4428 | D:6      | Gained mutation: Your system is resistant to poisons. (rPois) [potion of mutation]
  4616 | D:6      | Found a runed door.
  4621 | D:6      | Found a runed gate.
  4622 | D:6      | Found a runed door.
  4639 | D:6      | Found a runed gate.
  4639 | D:6      | Found a runed gate.
  4663 | D:6      | Reached skill level 5 in Armour
  4738 | D:6      | HP: 3/63 [soldier ant (12)]
  4749 | D:6      | HP: 2/64 [water moccasin (7)]
  4749 | D:6      | Mangled by a water moccasin

Skill      XL: |  1  2  3  4  5  6  7  8 |
---------------+-------------------------+-----
Dodging        | 4 5 6 7 8 |  8.4
Long Blades    | 4 5 6 7 8 |  8.7
Stealth        | 2 3 |  3.0
Armour         | 1 3 5 |  5.0
Fighting       | |  3.6

Action                   |  1- 3 |  4- 6 |  7- 9 || total
-------------------------+-------+-------+-------++-------
Melee: Falchion          |    74 |   140 |   213 ||   427
       Headbutt          |    13 |    33 |    32 ||    78
Throw: Throwing net      |       |       |     2 ||     2
  Use: Potion            |     2 |       |     5 ||     7
       Scroll            |       |     4 |       ||     4
 Stab: Sleeping          |     3 |     5 |     2 ||    10
       Distracted        |       |       |     1 ||     1
  Eat: Chunk             |     1 |     6 |     4 ||    11
       Beef jerky        |       |       |     1 ||     1
Armor: Robe              |    14 |     7 |     5 ||    26
       Skin              |       |       |    36 ||    36
Dodge: Dodged            |    47 |   115 |   132 ||   294
       Rpst.: Falchion   |    11 |    37 |    42 ||    90
